Bruins vs Predators
Created - February 26, 2021 at 19:02
Goals
|
Bruins |
0 |
0 |
1 |
1 |
2 |
Predators |
0 |
1 |
0 |
0 |
1 |
|
Shots
|
Bruins |
6 |
8 |
14 |
3 |
31 |
Predators |
3 |
10 |
11 |
0 |
24 |
|
1st period
No Goal
Penalties :
Alexander Edler (Nas) for Interference (Minor) at 16:39
2nd period
1. Predators , Alexander Ovechkin 29 (Jack Eichel 17) at 6:00 (PP)
Penalties :
Wojtek Wolski (Bos) for Holding (Minor) at 5:59, Alexander Ovechkin (Nas) for Interference (Minor) at 11:17, Alexander Ovechkin (Nas) for Goalie Interference (Minor) at 15:05, Dan Hamhuis (Bos) for Holding (Minor) at 18:05
3rd period
2. Bruins , Jason Demers 6 (Zack Kassian 28, Henrik Sedin 30) at 4:16 (PP)
Penalties :
Ian Cole (Bos) for Goalie Interference (Minor) at 1:23, John Moore (Nas) for Hooking (Minor) at 2:41, Henrik Sedin (Bos) for Roughing (Minor) at 5:23, Brendan Smith (Bos) for Hooking (Minor) at 13:36, Mark Pysyk (Nas) for Tripping (Minor) at 18:51
Overtime #1
3. Bruins , Jonathan Toews 29 (Henrik Sedin 31, Wojtek Wolski 33) at 1:04
Penalties :
No Penalty
Goalie Stats
Kevin Poulin (Bos), 23 saves from 24 shots - (0.958), W, 30-13-2, 61:04 minutes
Viktor Fasth (Nas), 29 saves from 31 shots - (0.935), OTL, 21-14-3, 61:04 minutes
Players Stats for Bruins
Player Name G A P +/- PIM S H SB GA TA FO MP PP MP PK MP
------------------------------------------------------------------------------------
Brendan Smith 0 0 0 0 2 1 3 0 1 0 0/0 28:29 5:14 2:58
Casey Cizikas 0 0 0 0 0 0 2 0 0 0 1/2 8:21 0:00 0:18
Dan Hamhuis 0 0 0 1 2 1 0 0 0 1 0/0 20:47 2:45 2:53
Henrik Sedin 0 2 2 1 2 2 1 1 0 0 18/32 19:04 3:42 1:19
Ian Cole 0 0 0 0 2 0 1 0 0 0 0/0 12:30 0:30 0:07
Jason Demers 1 0 1 0 0 3 3 2 1 0 0/0 28:28 5:14 3:58
Johnny Boychuk 0 0 0 1 0 3 1 2 0 0 0/0 20:24 2:45 3:11
Jonathan Toews 1 0 1 1 0 2 3 2 0 0 4/12 17:43 3:47 2:06
Kris Chucko 0 0 0 0 0 2 1 1 0 1 0/0 9:24 0:00 1:08
Matt Read 0 0 0 0 0 2 1 0 0 0 0/0 9:55 0:30 0:00
Mike Ribeiro 0 0 0 0 0 3 0 0 0 1 1/2 9:55 0:30 0:00
Rene Bourque 0 0 0 0 0 0 0 0 0 0 0/0 8:03 0:00 0:00
Scott Hartnell 0 0 0 0 0 1 2 0 1 0 0/1 15:17 3:47 0:00
Slava Voynov 0 0 0 0 0 0 1 2 0 1 0/0 13:22 0:00 1:25
T.J Galiardi 0 0 0 0 0 1 3 0 1 0 0/1 11:13 0:00 1:38
Victor Oreskovich 0 0 0 0 0 1 0 0 0 0 0/0 15:17 3:47 0:00
Wojtek Wolski 0 1 1 0 2 4 2 0 4 2 10/15 24:00 3:42 4:01
Zack Kassian 0 1 1 0 0 5 1 1 0 0 1/2 24:02 3:42 4:02
Players Stats for Predators
Player Name G A P +/- PIM S H SB GA TA FO MP PP MP PK MP
------------------------------------------------------------------------------------
Alex Killorn 0 0 0 0 0 1 0 0 0 0 0/0 6:37 0:00 0:00
Alexander Edler 0 0 0 0 2 1 2 3 0 1 0/0 27:06 4:25 4:15
Alexander Ovechkin 1 0 1 0 4 6 2 0 0 0 2/4 22:20 4:17 1:38
Andy Miele 0 0 0 0 0 0 1 1 0 0 2/6 9:52 0:00 1:48
Brendan Gallagher 0 0 0 0 0 0 1 1 0 0 0/0 17:39 2:44 1:53
Byron Bitz 0 0 0 0 0 0 1 0 0 0 3/5 9:40 0:15 1:48
Dmitri Kalinin 0 0 0 0 0 0 1 0 0 0 0/0 10:43 0:00 0:00
Jack Eichel 0 1 1 0 0 0 0 1 0 1 13/28 20:22 4:17 0:45
Jaden Schwartz 0 0 0 -1 0 4 2 0 1 0 3/9 20:03 2:44 4:30
John Moore 0 0 0 -1 2 3 0 0 1 1 0/0 21:50 2:50 2:58
Justin Abdelkader 0 0 0 0 0 3 1 0 0 1 0/0 9:52 0:15 0:36
Justin Faulk 0 0 0 0 0 0 2 4 0 1 0/0 20:28 2:51 1:37
Mark Pysyk 0 0 0 -1 2 2 0 1 0 0 1/1 12:26 0:15 3:51
Mikael Granlund 0 0 0 0 0 1 0 0 1 0 1/1 20:18 4:17 0:00
Nate Schmidt 0 0 0 -1 0 0 0 0 0 1 0/0 14:25 0:00 3:25
Nik Antropov 0 0 0 0 0 0 0 0 0 0 0/0 7:42 0:00 0:00
Ryan Kesler 0 0 0 0 0 2 1 0 1 0 7/13 15:18 2:44 0:00
Ryan Mcdonagh 0 0 0 0 0 1 2 1 2 2 0/0 27:59 4:25 5:25
3 Stars
1 - Jonathan Toews (Bos)
2 - Jason Demers (Bos)
3 - Kevin Poulin (Bos)
Power Play
Bruins - 1 on 5 Attempt(s) - 20.00%
Predators - 1 on 5 Attempt(s) - 20.00%
Penalty Kill
Bruins - 4 on 5 Attempt(s) - 80.00%
- Score 0 goal in Penalty Kill
Predators - 4 on 5 Attempt(s) - 80.00%
- Score 0 goal in Penalty Kill
Team Stat
Bruins - Hits : 25 - Faceoff Wins : 35 - Blocked Shots : 11 - Penalty Minutes : 10
Predators - Hits : 16 - Faceoff Wins : 32 - Blocked Shots : 12 - Penalty Minutes : 10
Official
Referees : Unknown
Linesman : Unknown
Game Notes
No Game Note
Finance
Level 1 -- Attendance: 4968 (82.80%) -- Ticket Income $546,480
Level 2 -- Attendance: 4290 (85.80%) -- Ticket Income $300,300
Level 3 -- Attendance: 1566 (78.30%) -- Ticket Income $78,300
Level 4 -- Attendance: 2643 (66.08%) -- Ticket Income $97,791
Luxury Box -- Attendance: 782 (78.20%) -- Ticket Income $154,836
Game was played at the Wildcat center.
Total Attendance: 14249 (79.16%)
Total Ticket Income: $1,177,707
Other Income: $176,656
Total Income: $1,354,363
Bruins
5 vs 5 Forward
Center Left Wing Right Wing Time % Phy DF OF
1 Henrik Sedin Wojtek Wolski Zack Kassian 40 1 2 2
2 Jonathan Toews Scott Hartnell Victor Oreskovich 30 1 2 2
3 Mike Ribeiro T.J Galiardi Matt Read 20 1 2 2
4 Casey Cizikas Kris Chucko Rene Bourque 10 1 2 2
5 vs 5 Defense
Defense Defense Time % Phy DF OF
1 Jason Demers Brendan Smith 40 1 2 2
2 Johnny Boychuk Dan Hamhuis 30 1 2 2
3 Ian Cole Slava Voynov 20 1 2 2
4 Jason Demers Brendan Smith 10 1 2 2
PowerPlay Forward
Center Left Wing Right Wing Time % Phy DF OF
1 Henrik Sedin Wojtek Wolski Zack Kassian 60 1 2 2
2 Jonathan Toews Scott Hartnell Victor Oreskovich 40 1 2 2
PowerPlay Defense
Defense Defense Time % Phy DF OF
1 Jason Demers Brendan Smith 60 1 2 2
2 Johnny Boychuk Dan Hamhuis 40 1 2 2
Penalty Kill 4 Players Forward
Center Wing Time % Phy DF OF
1 Wojtek Wolski Zack Kassian 60 1 2 2
2 Henrik Sedin Jonathan Toews 40 1 2 2
Penalty Kill 4 Players Defense
Defense Defense Time % Phy DF OF
1 Jason Demers Brendan Smith 60 1 2 2
2 Johnny Boychuk Dan Hamhuis 40 1 2 2
Penalty Kill - 3 Players Forward
Forward Time % Phy DF OF
1 Wojtek Wolski 60 1 2 2
2 Zack Kassian 40 1 2 2
Penalty Kill - 3 Players Defense
Defense Defense Time % Phy DF OF
1 Jason Demers Brendan Smith 60 1 2 2
2 Johnny Boychuk Dan Hamhuis 40 1 2 2
4 vs 4 Forward
Center Wing Time % Phy DF OF
1 Wojtek Wolski Zack Kassian 60 1 2 2
2 Henrik Sedin Jonathan Toews 40 1 2 2
4 vs 4 Defense
Defense Defense Time % Phy DF OF
1 Jason Demers Brendan Smith 60 1 2 2
2 Johnny Boychuk Dan Hamhuis 40 1 2 2
Last Minutes Offensive
Center Left Wing Right Wing Defense Defense
Henrik Sedin Wojtek Wolski Zack Kassian Jason Demers Brendan Smith
Last Minutes Defensive
Center Left Wing Right Wing Defense Defense
Henrik Sedin Wojtek Wolski Zack Kassian Jason Demers Brendan Smith
Goaltenders
Starting : Kevin Poulin
Backup : Josh Tordjman
Extra Forwards
Normal : Mike Ribeiro, Matt Read, T.J Galiardi - PP : Mike Ribeiro, Matt Read - PK : T.J Galiardi
Extra Defensemen
Normal : Ian Cole, Slava Voynov, Johnny Boychuk - PP : Ian Cole - PK : Slava Voynov, Johnny Boychuk
Penalty Shots
Wojtek Wolski, Zack Kassian, Henrik Sedin, Jonathan Toews, Scott Hartnell
Scratches
Miikka Salomaki (Healthy)
Predators
5 vs 5 Forward
Center Left Wing Right Wing Time % Phy DF OF
1 Jack Eichel Alexander Ovechkin Mikael Granlund 40 1 2 2
2 Ryan Kesler Jaden Schwartz Brendan Gallagher 30 1 2 2
3 Andy Miele Justin Abdelkader Mark Pysyk 20 1 2 2
4 Byron Bitz Alex Killorn Nik Antropov 10 1 2 2
5 vs 5 Defense
Defense Defense Time % Phy DF OF
1 Ryan Mcdonagh Alexander Edler 40 1 2 2
2 John Moore Justin Faulk 33 1 2 2
3 Dmitri Kalinin Nate Schmidt 20 1 2 2
4 Ryan Mcdonagh Alexander Edler 7 1 2 2
PowerPlay Forward
Center Left Wing Right Wing Time % Phy DF OF
1 Jack Eichel Alexander Ovechkin Mikael Granlund 60 1 1 3
2 Ryan Kesler Jaden Schwartz Brendan Gallagher 40 1 1 3
PowerPlay Defense
Defense Defense Time % Phy DF OF
1 Ryan Mcdonagh Alexander Edler 60 1 1 3
2 John Moore Justin Faulk 40 1 1 3
Penalty Kill 4 Players Forward
Center Wing Time % Phy DF OF
1 Jaden Schwartz Mark Pysyk 60 1 2 2
2 Andy Miele Byron Bitz 40 1 2 2
Penalty Kill 4 Players Defense
Defense Defense Time % Phy DF OF
1 Ryan Mcdonagh Alexander Edler 60 1 2 2
2 John Moore Nate Schmidt 40 1 1 3
Penalty Kill - 3 Players Forward
Forward Time % Phy DF OF
1 Alexander Ovechkin 60 1 2 2
2 Jaden Schwartz 40 1 2 2
Penalty Kill - 3 Players Defense
Defense Defense Time % Phy DF OF
1 Ryan Mcdonagh Alexander Edler 60 1 2 2
2 John Moore Nate Schmidt 40 1 2 2
4 vs 4 Forward
Center Wing Time % Phy DF OF
1 Mikael Granlund Alexander Ovechkin 60 1 2 2
2 Jaden Schwartz Brendan Gallagher 40 1 2 2
4 vs 4 Defense
Defense Defense Time % Phy DF OF
1 Ryan Mcdonagh Alexander Edler 60 1 2 2
2 John Moore Justin Faulk 40 1 2 2
Last Minutes Offensive
Center Left Wing Right Wing Defense Defense
Jack Eichel Alexander Ovechkin Mikael Granlund Ryan Mcdonagh Alexander Edler
Last Minutes Defensive
Center Left Wing Right Wing Defense Defense
Andy Miele Jaden Schwartz Brendan Gallagher John Moore Ryan Mcdonagh
Goaltenders
Starting : Viktor Fasth
Backup : Anders Lindback
Extra Forwards
Normal : Alexander Ovechkin, Byron Bitz, Nik Antropov - PP : Alexander Ovechkin, Byron Bitz - PK : Brendan Gallagher
Extra Defensemen
Normal : Nate Schmidt, Dmitri Kalinin, John Moore - PP : Nate Schmidt - PK : Justin Faulk, John Moore
Penalty Shots
Jaden Schwartz, Jack Eichel, Alexander Ovechkin, Ryan Mcdonagh, Andy Miele
Scratches
Felix Sanstrom (Healthy)
% Time on Ice - Bruins
Lines # - Real PCT - Wanted PCT - Time Play
Normal Forward
1 - 34% - 40% - 15:09
2 - 26% - 30% - 11:30
3 - 21% - 20% - 9:22
4 - 18% - 10% - 8:03
Normal Defense
1 - 39% - 40% - 17:20
2 - 33% - 30% - 14:36
3 - 25% - 20% - 10:55
4 - 3% - 10% - 1:13
PP Forward
1 - 53% - 60% - 4:12
2 - 47% - 40% - 3:47
PP Defense
1 - 66% - 60% - 5:14
2 - 34% - 40% - 2:45
PK Forward
1 - 71% - 60% - 5:10
2 - 29% - 40% - 2:06
PK Defense
1 - 55% - 60% - 4:00
2 - 45% - 40% - 3:16
PK3 Forward
1 - 0% - 60%
2 - 0% - 40%
PK3 Defense
1 - 0% - 60%
2 - 0% - 40%
44 Forward
1 - 81% - 60% - 1:25
2 - 19% - 40% - 0:20
44 Defense
1 - 71% - 60% - 1:15
2 - 29% - 40% - 0:30
Last Minute Offensive - 0:00
Last Minute Defensive - 0:00
Total
Forward - 61:04
Defense - 61:04
|
% Time on Ice - Predators
Lines # - Real PCT - Wanted PCT - Time Play
Normal Forward
1 - 34% - 40% - 14:56
2 - 34% - 30% - 14:55
3 - 18% - 20% - 7:47
4 - 15% - 10% - 6:26
Normal Defense
1 - 39% - 40% - 17:15
2 - 38% - 33% - 16:35
3 - 23% - 20% - 9:57
4 - 1% - 7% - 0:17
PP Forward
1 - 59% - 60% - 4:17
2 - 41% - 40% - 2:59
PP Defense
1 - 61% - 60% - 4:25
2 - 39% - 40% - 2:51
PK Forward
1 - 76% - 60% - 6:06
2 - 24% - 40% - 1:53
PK Defense
1 - 57% - 60% - 4:35
2 - 43% - 40% - 3:24
PK3 Forward
1 - 98% - 60% - 0:50
2 - 2% - 40% - 0:01
PK3 Defense
1 - 98% - 60% - 0:50
2 - 2% - 40% - 0:01
44 Forward
1 - 69% - 60% - 0:37
2 - 31% - 40% - 0:17
44 Defense
1 - 69% - 60% - 0:37
2 - 31% - 40% - 0:17
Last Minute Offensive - 0:00
Last Minute Defensive - 0:00
Total
Forward - 61:04
Defense - 61:04
|
Play-by-Play
1st period
0:01 of 1st period - Henrik Sedin wins face-off versus Alexander Ovechkin in neutral zone.
0:11 of 1st period - Icing by Alexander Edler.
0:12 of 1st period - Jonathan Toews wins face-off versus Jack Eichel in Predators zone.
1:23 of 1st period - Wrist shot by Wojtek Wolski.
1:23 of 1st period - Shot Misses the Net.
1:25 of 1st period - Slapshot by Brendan Smith.
1:25 of 1st period - Shot Misses the Net.
1:27 of 1st period - Snap shot by Zack Kassian.
1:27 of 1st period - Shot Misses the Net.
2:12 of 1st period - Snap shot by Ryan Kesler.
2:12 of 1st period - Stopped by Kevin Poulin with a rebound.
2:14 of 1st period - Slapshot by Nate Schmidt.
2:14 of 1st period - Shot Blocked by Slava Voynov.
2:24 of 1st period - Ian Cole is hit by Dmitri Kalinin and loses puck.
2:42 of 1st period - Off-side.
2:43 of 1st period - Byron Bitz wins face-off versus Henrik Sedin in neutral zone.
3:50 of 1st period - Icing by Jaden Schwartz.
3:51 of 1st period - Andy Miele wins face-off versus Henrik Sedin in Predators zone.
4:38 of 1st period - Backhand shot by Kris Chucko.
4:38 of 1st period - Stopped by Viktor Fasth with a rebound.
4:48 of 1st period - Wrist shot by Alexander Ovechkin.
4:48 of 1st period - Stopped by Kevin Poulin without a rebound.
4:49 of 1st period - Jack Eichel wins face-off versus Henrik Sedin in Bruins zone.
5:19 of 1st period - Snap shot by Jaden Schwartz.
5:19 of 1st period - Stopped by Kevin Poulin with a rebound.
5:21 of 1st period - Slapshot by Justin Faulk.
5:21 of 1st period - Shot Blocked by Johnny Boychuk.
5:49 of 1st period - Off-side.
5:50 of 1st period - Jack Eichel wins face-off versus Henrik Sedin in neutral zone.
6:16 of 1st period - Mark Pysyk is hit by Brendan Smith and loses puck.
6:37 of 1st period - Slapshot by Ryan Mcdonagh.
6:37 of 1st period - Deflect By Nik Antropov.
6:37 of 1st period - Shot Misses the Net.
6:37 of 1st period - Puck is out of play.
6:38 of 1st period - Byron Bitz wins face-off versus Jonathan Toews in Bruins zone.
6:45 of 1st period - Byron Bitz is hit by Jonathan Toews and loses puck.
7:26 of 1st period - Wrist shot by Jonathan Toews.
7:26 of 1st period - Stopped by Viktor Fasth with a rebound.
7:28 of 1st period - Slapshot by Brendan Smith.
7:28 of 1st period - Stopped by Viktor Fasth without a rebound.
7:29 of 1st period - Henrik Sedin wins face-off versus Jack Eichel in Predators zone.
7:40 of 1st period - Wrist shot by Henrik Sedin.
7:40 of 1st period - Stopped by Viktor Fasth with a rebound.
9:10 of 1st period - Off-side.
9:11 of 1st period - Byron Bitz wins face-off versus Jonathan Toews in neutral zone.
9:58 of 1st period - Snap shot by Matt Read.
9:58 of 1st period - Shot Misses the Net.
10:31 of 1st period - Johnny Boychuk is hit by Andy Miele and loses puck.
11:01 of 1st period - Dan Hamhuis is hit by Ryan Kesler and loses puck.
11:10 of 1st period - Wrist shot by Jaden Schwartz.
11:10 of 1st period - Shot Hit the Post.
12:02 of 1st period - Mikael Granlund is hit by Slava Voynov and loses puck.
12:09 of 1st period - Slapshot by Jason Demers.
12:09 of 1st period - Deflect By Kris Chucko.
12:09 of 1st period - Shot Misses the Net.
12:09 of 1st period - Puck is out of play.
12:10 of 1st period - Jack Eichel wins face-off versus Scott Hartnell in Predators zone.
12:19 of 1st period - Snap shot by Alexander Ovechkin.
12:19 of 1st period - Shot Misses the Net.
12:24 of 1st period - Off-side.
12:25 of 1st period - Ryan Kesler wins face-off versus Henrik Sedin in neutral zone.
12:52 of 1st period - Jonathan Toews is hit by Alexander Ovechkin and loses puck.
13:44 of 1st period - Dmitri Kalinin is hit by Johnny Boychuk and loses puck.
14:25 of 1st period - Wrist shot by Jonathan Toews.
14:25 of 1st period - Shot Misses the Net.
14:39 of 1st period - Brendan Gallagher is hit by T.J Galiardi and loses puck.
14:54 of 1st period - Nate Schmidt is hit by Matt Read and loses puck.
15:10 of 1st period - Wrist shot by Jaden Schwartz.
15:10 of 1st period - Shot Blocked by Johnny Boychuk.
15:32 of 1st period - Johnny Boychuk is hit by Ryan Mcdonagh.
15:43 of 1st period - Off-side.
15:44 of 1st period - Jack Eichel wins face-off versus Casey Cizikas in neutral zone.
15:47 of 1st period - Wrist shot by Jack Eichel.
15:47 of 1st period - Shot Blocked by Jason Demers.
15:55 of 1st period - Justin Faulk is hit by Jason Demers and loses puck.
16:10 of 1st period - Mark Pysyk is hit by Wojtek Wolski and loses puck.
16:17 of 1st period - Snap shot by Zack Kassian.
16:17 of 1st period - Stopped by Viktor Fasth without a rebound.
16:18 of 1st period - Jack Eichel wins face-off versus Henrik Sedin in Predators zone.
16:31 of 1st period - Snap shot by Henrik Sedin.
16:31 of 1st period - Shot Blocked by Alexander Edler.
16:33 of 1st period - Snap shot by Zack Kassian.
16:33 of 1st period - Stopped by Viktor Fasth with a rebound.
16:39 of 1st period - Minor Penalty to Alexander Edler for Interference.
16:40 of 1st period - Jaden Schwartz wins face-off versus Henrik Sedin in Predators zone.
17:07 of 1st period - Jaden Schwartz is hit by Jonathan Toews and loses puck.
18:39 of 1st period - Penalty to Alexander Edler is over, Alexander Edler is back on ice.
19:35 of 1st period - Andy Miele is hit by Casey Cizikas and loses puck.
19:57 of 1st period - Icing by Jack Eichel.
19:58 of 1st period - Zack Kassian wins face-off versus Jack Eichel in Predators zone.
Goals for this period are 0 for Bruins vs 0 for Predators.
Shots for this period are 6 for Bruins vs 3 for Predators.
2nd period
0:01 of 2nd period - Henrik Sedin wins face-off versus Jack Eichel in neutral zone.
0:28 of 2nd period - Icing by Justin Abdelkader.
0:29 of 2nd period - Mark Pysyk wins face-off versus Jonathan Toews in Predators zone.
0:38 of 2nd period - Slapshot by Justin Abdelkader.
0:38 of 2nd period - Shot Blocked by Jonathan Toews.
0:40 of 2nd period - Slapshot by John Moore.
0:40 of 2nd period - Stopped by Kevin Poulin with a rebound.
0:42 of 2nd period - Slapshot by Mark Pysyk.
0:42 of 2nd period - Stopped by Kevin Poulin without a rebound.
0:43 of 2nd period - Jack Eichel wins face-off versus Henrik Sedin in Bruins zone.
1:10 of 2nd period - Alexander Edler is hit by Jonathan Toews and loses puck.
1:40 of 2nd period - Snap shot by Matt Read.
1:40 of 2nd period - Stopped by Viktor Fasth with a rebound.
1:46 of 2nd period - Andy Miele is hit by T.J Galiardi and loses puck.
2:40 of 2nd period - Snap shot by Alex Killorn.
2:40 of 2nd period - Stopped by Kevin Poulin without a rebound.
2:41 of 2nd period - Henrik Sedin wins face-off versus Byron Bitz in Bruins zone.
4:18 of 2nd period - Snap shot by Wojtek Wolski.
4:18 of 2nd period - Shot Misses the Net.
4:28 of 2nd period - Scott Hartnell is hit by Jaden Schwartz and loses puck.
4:37 of 2nd period - Wrist shot by Victor Oreskovich.
4:37 of 2nd period - Shot Blocked by Justin Faulk.
4:54 of 2nd period - Justin Faulk is hit by Ian Cole and loses puck.
5:17 of 2nd period - Slapshot by Alexander Ovechkin.
5:17 of 2nd period - Shot Blocked by Kris Chucko.
5:19 of 2nd period - Snap shot by Jack Eichel.
5:19 of 2nd period - Shot Misses the Net.
5:21 of 2nd period - Slapshot by John Moore.
5:21 of 2nd period - Stopped by Kevin Poulin with a rebound.
5:40 of 2nd period - Slapshot by Mikael Granlund.
5:40 of 2nd period - Stopped by Kevin Poulin without a rebound.
5:41 of 2nd period - Henrik Sedin wins face-off versus Ryan Kesler in Bruins zone.
5:47 of 2nd period - Icing by Alexander Edler.
5:48 of 2nd period - Ryan Kesler wins face-off versus Wojtek Wolski in Predators zone.
5:48 of 2nd period - Ryan Kesler is hit by Wojtek Wolski.
5:59 of 2nd period - Minor Penalty to Wojtek Wolski for Holding.
6:00 of 2nd period - Jack Eichel wins face-off versus T.J Galiardi in Bruins zone.
6:00 of 2nd period - Wrist shot by Alexander Ovechkin.
6:00 of 2nd period - Goal by Alexander Ovechkin - Bruins : 0 - Predators : 1.
6:01 of 2nd period - Alexander Ovechkin wins face-off versus Henrik Sedin in neutral zone.
6:04 of 2nd period - Brendan Smith is hit by Alexander Edler and loses puck.
6:11 of 2nd period - Ryan Mcdonagh is hit by Jason Demers and loses puck.
8:17 of 2nd period - Wrist shot by Justin Abdelkader.
8:17 of 2nd period - Shot Hit the Post.
8:19 of 2nd period - Snap shot by Justin Abdelkader.
8:19 of 2nd period - Stopped by Kevin Poulin without a rebound.
8:20 of 2nd period - Henrik Sedin wins face-off versus Andy Miele in Bruins zone.
8:27 of 2nd period - Slapshot by Jason Demers.
8:27 of 2nd period - Deflect By Andy Miele.
8:27 of 2nd period - Stopped by Viktor Fasth with a rebound.
8:35 of 2nd period - Snap shot by Andy Miele.
8:35 of 2nd period - Shot Misses the Net.
8:47 of 2nd period - John Moore is hit by Brendan Smith and loses puck.
9:04 of 2nd period - Justin Faulk is hit by Scott Hartnell and loses puck.
9:15 of 2nd period - Backhand shot by Jonathan Toews.
9:15 of 2nd period - Shot Blocked by Justin Faulk.
9:21 of 2nd period - Snap shot by Scott Hartnell.
9:21 of 2nd period - Stopped by Viktor Fasth without a rebound.
9:22 of 2nd period - Ryan Kesler wins face-off versus Henrik Sedin in Predators zone.
9:24 of 2nd period - Icing by Jaden Schwartz.
9:25 of 2nd period - Henrik Sedin wins face-off versus Ryan Kesler in Predators zone.
9:53 of 2nd period - Snap shot by Mike Ribeiro.
9:53 of 2nd period - Stopped by Viktor Fasth with a rebound.
9:57 of 2nd period - Wrist shot by Mike Ribeiro.
9:57 of 2nd period - Shot Blocked by Andy Miele.
9:59 of 2nd period - Slapshot by Mike Ribeiro.
9:59 of 2nd period - Stopped by Viktor Fasth with a rebound.
10:01 of 2nd period - Snap shot by Mike Ribeiro.
10:01 of 2nd period - Stopped by Viktor Fasth without a rebound.
10:02 of 2nd period - Jack Eichel wins face-off versus Jonathan Toews in Predators zone.
10:02 of 2nd period - Jack Eichel is hit by Scott Hartnell.
10:05 of 2nd period - Icing by Justin Faulk.
10:06 of 2nd period - Jack Eichel wins face-off versus Jonathan Toews in Predators zone.
10:15 of 2nd period - Jonathan Toews is hit by Alexander Ovechkin and loses puck.
10:59 of 2nd period - Snap shot by Justin Abdelkader.
10:59 of 2nd period - Shot Misses the Net.
11:01 of 2nd period - Wrist shot by Justin Abdelkader.
11:01 of 2nd period - Stopped by Kevin Poulin without a rebound.
11:02 of 2nd period - Henrik Sedin wins face-off versus Jack Eichel in Bruins zone.
11:02 of 2nd period - Henrik Sedin is hit by Ryan Mcdonagh.
11:14 of 2nd period - Slapshot by Wojtek Wolski.
11:14 of 2nd period - Stopped by Viktor Fasth without a rebound.
11:15 of 2nd period - Jack Eichel wins face-off versus Zack Kassian in Predators zone.
11:17 of 2nd period - Minor Penalty to Alexander Ovechkin for Interference.
11:18 of 2nd period - Henrik Sedin wins face-off versus Jaden Schwartz in Predators zone.
11:49 of 2nd period - Snap shot by Jonathan Toews.
11:49 of 2nd period - Shot Blocked by Alexander Edler.
12:08 of 2nd period - Icing by Jason Demers.
12:09 of 2nd period - Andy Miele wins face-off versus Jonathan Toews in Bruins zone.
12:14 of 2nd period - Slapshot by Andy Miele.
12:14 of 2nd period - Shot Misses the Net.
12:57 of 2nd period - Snap shot by Victor Oreskovich.
12:57 of 2nd period - Stopped by Viktor Fasth without a rebound.
12:58 of 2nd period - Jaden Schwartz wins face-off versus Henrik Sedin in Predators zone.
13:17 of 2nd period - Penalty to Alexander Ovechkin is over, Alexander Ovechkin is back on ice.
14:16 of 2nd period - Wojtek Wolski is hit by Brendan Gallagher and loses puck.
14:37 of 2nd period - Slapshot by Alexander Ovechkin.
14:37 of 2nd period - Stopped by Kevin Poulin without a rebound.
14:38 of 2nd period - Jonathan Toews wins face-off versus Andy Miele in Bruins zone.
14:38 of 2nd period - Jonathan Toews is hit by Justin Abdelkader.
15:05 of 2nd period - Minor Penalty to Alexander Ovechkin for Goalie Interference.
15:06 of 2nd period - Jaden Schwartz wins face-off versus Wojtek Wolski in Predators zone.
16:11 of 2nd period - Snap shot by Andy Miele.
16:11 of 2nd period - Shot Blocked by Jonathan Toews.
17:05 of 2nd period - Penalty to Alexander Ovechkin is over, Alexander Ovechkin is back on ice.
17:20 of 2nd period - Slava Voynov is hit by Byron Bitz.
17:38 of 2nd period - Snap shot by Alexander Ovechkin.
17:38 of 2nd period - Shot Hit the Post.
17:46 of 2nd period - John Moore is hit by Casey Cizikas and loses puck.
17:59 of 2nd period - Wrist shot by Brendan Gallagher.
17:59 of 2nd period - Deflect By Ryan Kesler.
17:59 of 2nd period - Shot Blocked by Slava Voynov.
17:59 of 2nd period - Puck is out of play.
18:00 of 2nd period - Ryan Kesler wins face-off versus Mike Ribeiro in Bruins zone.
18:01 of 2nd period - Slapshot by Jaden Schwartz.
18:01 of 2nd period - Stopped by Kevin Poulin without a rebound.
18:02 of 2nd period - Ryan Kesler wins face-off versus Henrik Sedin in Bruins zone.
18:03 of 2nd period - Snap shot by Brendan Gallagher.
18:03 of 2nd period - Shot Misses the Net.
18:05 of 2nd period - Minor Penalty to Dan Hamhuis for Holding.
18:06 of 2nd period - Wojtek Wolski wins face-off versus Jack Eichel in Bruins zone.
18:06 of 2nd period - Wojtek Wolski is hit by Alexander Edler.
18:58 of 2nd period - Slapshot by Slava Voynov.
18:58 of 2nd period - Shot Blocked by Justin Faulk.
19:10 of 2nd period - Jonathan Toews is hit by Justin Faulk and loses puck.
19:37 of 2nd period - Alexander Ovechkin is hit by Kris Chucko and loses puck.
19:44 of 2nd period - Justin Faulk is hit by T.J Galiardi and loses puck.
Goals for this period are 0 for Bruins vs 1 for Predators.
Shots for this period are 8 for Bruins vs 10 for Predators.
3rd period
0:01 of 3rd period - Wojtek Wolski wins face-off versus Jack Eichel in neutral zone.
0:05 of 3rd period - Penalty to Dan Hamhuis is over, Dan Hamhuis is back on ice.
0:05 of 3rd period - Off-side.
0:06 of 3rd period - Wojtek Wolski wins face-off versus Jack Eichel in neutral zone.
0:08 of 3rd period - Off-side.
0:09 of 3rd period - Wojtek Wolski wins face-off versus Jack Eichel in neutral zone.
1:16 of 3rd period - Snap shot by Alexander Ovechkin.
1:16 of 3rd period - Stopped by Kevin Poulin without a rebound.
1:17 of 3rd period - Ryan Kesler wins face-off versus Jonathan Toews in Bruins zone.
1:18 of 3rd period - Slapshot by Jaden Schwartz.
1:18 of 3rd period - Stopped by Kevin Poulin without a rebound.
1:19 of 3rd period - Ryan Kesler wins face-off versus Jonathan Toews in Bruins zone.
1:20 of 3rd period - Slapshot by Jaden Schwartz.
1:20 of 3rd period - Stopped by Kevin Poulin without a rebound.
1:21 of 3rd period - Jonathan Toews wins face-off versus Ryan Kesler in Bruins zone.
1:23 of 3rd period - Minor Penalty to Ian Cole for Goalie Interference.
1:24 of 3rd period - Wojtek Wolski wins face-off versus Jack Eichel in Bruins zone.
1:28 of 3rd period - Slapshot by Zack Kassian.
1:28 of 3rd period - Stopped by Viktor Fasth without a rebound.
1:29 of 3rd period - Jack Eichel wins face-off versus Wojtek Wolski in Predators zone.
1:35 of 3rd period - Off-side.
1:36 of 3rd period - Wojtek Wolski wins face-off versus Jack Eichel in neutral zone.
1:39 of 3rd period - Ryan Mcdonagh is hit by Zack Kassian and loses puck.
1:52 of 3rd period - Snap shot by Alexander Ovechkin.
1:52 of 3rd period - Stopped by Kevin Poulin with a rebound.
2:41 of 3rd period - Minor Penalty to John Moore for Hooking.
2:42 of 3rd period - Mikael Granlund wins face-off versus Wojtek Wolski in Predators zone.
2:47 of 3rd period - Slapshot by Ryan Mcdonagh.
2:47 of 3rd period - Shot Misses the Net.
2:49 of 3rd period - Wrist shot by Alexander Ovechkin.
2:49 of 3rd period - Stopped by Kevin Poulin with a rebound.
2:51 of 3rd period - Slapshot by Ryan Mcdonagh.
2:51 of 3rd period - Shot Blocked by Jason Demers.
3:23 of 3rd period - Penalty to Ian Cole is over, Ian Cole is back on ice.
3:58 of 3rd period - Slapshot by Johnny Boychuk.
3:58 of 3rd period - Stopped by Viktor Fasth without a rebound.
3:59 of 3rd period - Jonathan Toews wins face-off versus Andy Miele in Predators zone.
4:12 of 3rd period - Snap shot by Jason Demers.
4:12 of 3rd period - Deflect By Victor Oreskovich.
4:12 of 3rd period - Shot Blocked by Mark Pysyk.
4:12 of 3rd period - Puck is out of play.
4:13 of 3rd period - Henrik Sedin wins face-off versus Jaden Schwartz in Predators zone.
4:14 of 3rd period - Slapshot by Zack Kassian.
4:14 of 3rd period - Shot Misses the Net.
4:16 of 3rd period - Wrist shot by Jason Demers.
4:16 of 3rd period - Goal by Jason Demers - Bruins : 1 - Predators : 1.
4:17 of 3rd period - Jack Eichel wins face-off versus Henrik Sedin in neutral zone.
4:28 of 3rd period - Alexander Edler is hit by Jason Demers and loses puck.
4:50 of 3rd period - Icing by Alexander Edler.
4:51 of 3rd period - Henrik Sedin wins face-off versus Ryan Kesler in Predators zone.
5:23 of 3rd period - Minor Penalty to Henrik Sedin for Roughing.
5:24 of 3rd period - Wojtek Wolski wins face-off versus Jack Eichel in Bruins zone.
5:34 of 3rd period - Wojtek Wolski is hit by Justin Faulk and loses puck.
6:04 of 3rd period - Icing by Ryan Kesler.
6:05 of 3rd period - Wojtek Wolski wins face-off versus Ryan Kesler in Predators zone.
6:14 of 3rd period - Snap shot by Ryan Mcdonagh.
6:14 of 3rd period - Shot Blocked by Zack Kassian.
6:16 of 3rd period - Slapshot by Ryan Mcdonagh.
6:16 of 3rd period - Stopped by Kevin Poulin with a rebound.
7:23 of 3rd period - Penalty to Henrik Sedin is over, Henrik Sedin is back on ice.
8:21 of 3rd period - Snap shot by T.J Galiardi.
8:21 of 3rd period - Shot Misses the Net.
8:37 of 3rd period - Wrist shot by Brendan Gallagher.
8:37 of 3rd period - Shot Blocked by Henrik Sedin.
8:39 of 3rd period - Snap shot by Jaden Schwartz.
8:39 of 3rd period - Shot Misses the Net.
8:41 of 3rd period - Snap shot by Ryan Kesler.
8:41 of 3rd period - Stopped by Kevin Poulin without a rebound.
8:42 of 3rd period - Henrik Sedin wins face-off versus Andy Miele in Bruins zone.
8:53 of 3rd period - Snap shot by Mark Pysyk.
8:53 of 3rd period - Stopped by Kevin Poulin with a rebound.
8:55 of 3rd period - Wrist shot by Mark Pysyk.
8:55 of 3rd period - Shot Misses the Net.
8:57 of 3rd period - Snap shot by Justin Abdelkader.
8:57 of 3rd period - Stopped by Kevin Poulin with a rebound.
9:32 of 3rd period - Slapshot by Matt Read.
9:32 of 3rd period - Stopped by Viktor Fasth with a rebound.
9:34 of 3rd period - Snap shot by Mike Ribeiro.
9:34 of 3rd period - Shot Blocked by Alexander Edler.
9:55 of 3rd period - Off-side.
9:56 of 3rd period - Casey Cizikas wins face-off versus Byron Bitz in neutral zone.
10:31 of 3rd period - Slapshot by John Moore.
10:31 of 3rd period - Stopped by Kevin Poulin without a rebound.
10:32 of 3rd period - Henrik Sedin wins face-off versus Jack Eichel in Bruins zone.
11:24 of 3rd period - Wrist shot by T.J Galiardi.
11:24 of 3rd period - Deflect By Andy Miele.
11:24 of 3rd period - Stopped by Viktor Fasth with a rebound.
11:42 of 3rd period - Snap shot by Kris Chucko.
11:42 of 3rd period - Stopped by Viktor Fasth with a rebound.
11:44 of 3rd period - Snap shot by Casey Cizikas.
11:44 of 3rd period - Shot Misses the Net.
11:46 of 3rd period - Wrist shot by Casey Cizikas.
11:46 of 3rd period - Shot Blocked by Justin Faulk.
12:18 of 3rd period - Off-side.
12:19 of 3rd period - Mike Ribeiro wins face-off versus Ryan Kesler in neutral zone.
12:24 of 3rd period - Wrist shot by T.J Galiardi.
12:24 of 3rd period - Shot Misses the Net.
12:28 of 3rd period - Snap shot by Jason Demers.
12:28 of 3rd period - Stopped by Viktor Fasth without a rebound.
12:29 of 3rd period - Henrik Sedin wins face-off versus Jack Eichel in Predators zone.
13:25 of 3rd period - Snap shot by Andy Miele.
13:25 of 3rd period - Shot Misses the Net.
13:27 of 3rd period - Slapshot by Alexander Edler.
13:27 of 3rd period - Stopped by Kevin Poulin without a rebound.
13:28 of 3rd period - Jack Eichel wins face-off versus Henrik Sedin in Bruins zone.
13:36 of 3rd period - Minor Penalty to Brendan Smith for Hooking.
13:37 of 3rd period - Wojtek Wolski wins face-off versus Jack Eichel in Bruins zone.
13:54 of 3rd period - Snap shot by Jack Eichel.
13:54 of 3rd period - Shot Misses the Net.
14:31 of 3rd period - Wrist shot by Johnny Boychuk.
14:31 of 3rd period - Stopped by Viktor Fasth with a rebound.
14:33 of 3rd period - Slapshot by Dan Hamhuis.
14:33 of 3rd period - Stopped by Viktor Fasth with a rebound.
15:36 of 3rd period - Penalty to Brendan Smith is over, Brendan Smith is back on ice.
15:54 of 3rd period - Snap shot by Scott Hartnell.
15:54 of 3rd period - Shot Misses the Net.
16:26 of 3rd period - Jason Demers is hit by Jaden Schwartz and loses puck.
17:41 of 3rd period - Wrist shot by Kris Chucko.
17:41 of 3rd period - Shot Blocked by Jack Eichel.
17:45 of 3rd period - Backhand shot by Rene Bourque.
17:45 of 3rd period - Shot Misses the Net.
18:01 of 3rd period - Nik Antropov is hit by Brendan Smith and loses puck.
18:06 of 3rd period - Wrist shot by Matt Read.
18:06 of 3rd period - Shot Misses the Net.
18:28 of 3rd period - Ryan Kesler is hit by Henrik Sedin and loses puck.
18:51 of 3rd period - Minor Penalty to Mark Pysyk for Tripping.
18:52 of 3rd period - Henrik Sedin wins face-off versus Jaden Schwartz in Predators zone.
18:57 of 3rd period - Snap shot by Wojtek Wolski.
18:57 of 3rd period - Shot Misses the Net.
18:59 of 3rd period - Backhand shot by Zack Kassian.
18:59 of 3rd period - Stopped by Viktor Fasth without a rebound.
19:00 of 3rd period - Henrik Sedin wins face-off versus Jaden Schwartz in Predators zone.
19:01 of 3rd period - Snap shot by Zack Kassian.
19:01 of 3rd period - Deflect By Wojtek Wolski.
19:01 of 3rd period - Stopped by Viktor Fasth with a rebound.
19:03 of 3rd period - Slapshot by Johnny Boychuk.
19:03 of 3rd period - Shot Blocked by Brendan Gallagher.
19:05 of 3rd period - Slapshot by Johnny Boychuk.
19:05 of 3rd period - Stopped by Viktor Fasth without a rebound.
19:06 of 3rd period - Henrik Sedin wins face-off versus Jaden Schwartz in Predators zone.
19:11 of 3rd period - Snap shot by Wojtek Wolski.
19:11 of 3rd period - Stopped by Viktor Fasth with a rebound.
19:13 of 3rd period - Slapshot by Henrik Sedin.
19:13 of 3rd period - Stopped by Viktor Fasth without a rebound.
19:14 of 3rd period - Henrik Sedin wins face-off versus Jaden Schwartz in Predators zone.
Goals for this period are 1 for Bruins vs 0 for Predators.
Shots for this period are 14 for Bruins vs 11 for Predators.
Overtime #1
0:01 of 1st overtime period - Wojtek Wolski wins face-off versus Alexander Ovechkin in neutral zone.
0:08 of 1st overtime period - Wrist shot by Wojtek Wolski.
0:08 of 1st overtime period - Shot Blocked by Ryan Mcdonagh.
0:10 of 1st overtime period - Wrist shot by Wojtek Wolski.
0:10 of 1st overtime period - Stopped by Viktor Fasth with a rebound.
0:12 of 1st overtime period - Snap shot by Zack Kassian.
0:12 of 1st overtime period - Stopped by Viktor Fasth without a rebound.
0:13 of 1st overtime period - Alexander Ovechkin wins face-off versus Wojtek Wolski in Predators zone.
0:51 of 1st overtime period - Penalty to Mark Pysyk is over, Mark Pysyk is back on ice.
1:02 of 1st overtime period - Slapshot by Jonathan Toews.
1:02 of 1st overtime period - Shot Hit the Post.
1:04 of 1st overtime period - Snap shot by Jonathan Toews.
1:04 of 1st overtime period - Goal by Jonathan Toews - Bruins : 2 - Predators : 1.
Goals for this period are 1 for Bruins vs 0 for Predators.
Shots for this period are 3 for Bruins vs 0 for Predators.